AoeStats
← 念

Pilgrims

508698074Analyzed
4v4 RM · 9d ago on Sep 23, 2026· 22m 21s· 8 players
Game mode
Random Map
Map size
Large (8 player)
Population
200
Speed
Normal
Resources
Standard
Victory
Conquest
Starting age
Dark Age
Ending age
Imperial Age
RankedLock teamsTeams togetherTeam positionsShared explorationLock speedFull tech treeHidden civsTurbo modeCheats
Victory
Defeat
🇹🇼 Berbers · Taiwan
1271
+16
🇨🇳 Italians · China
1226
+18
🇩🇪 Franks · Germany
1197
+19
🇸🇪 Danes · Sweden
1175
+20
🇧🇪 Malay · Belgium
1316
-21
🇸🇦 Vikings · Saudi Arabia
1262
-18
🇷🇺 Khmer · Russia
1238
-17
🇩🇪 Vietnamese · Germany
1234
-17
Professor Chaos
9:11 Loom
13:04 Feudal Age
13:42 Wheelbarrow
12:52 Town Watch
12:56 Double-Bit Axe
14:44 Fletching
21:58 Castle Age
19:59 Fishing Lines
22:00 Bow Saw
FBM
12:39 Feudal Age
13:18 Loom
16:41 Fishing Lines
19:06 Castle Age
16:52 Double-Bit Axe
17:19 Stone Mining
18:22 Fletching
18:32 Padded Archer Armor
20:45 Bow Saw
ExeQt0r
4:12 Loom
11:02 Feudal Age
14:52 Castle Age
14:34 Bloodlines
14:16 Double-Bit Axe
15:54 Wheelbarrow
16:09 Scale Barding Armor
22:15 Chain Barding Armor
Don3z
10:23 Loom
13:30 Feudal Age
20:37 Double-Bit Axe
Murkeldjuret. ®
10:02 Feudal Age
10:35 Double-Bit Axe
15:21 Castle Age
13:24 Fletching
17:54 Bodkin Arrow
18:35 Stone Mining
18:57 Bow Saw
23:17 Ballistics
iaa4e
10:30 Feudal Age
11:12 Double-Bit Axe
14:04 Wheelbarrow
14:24 Fishing Lines
22:45 Castle Age
20:30 Loom
BøM_從小不缺鮑魚
8:23 Loom
10:38 Feudal Age
11:17 Double-Bit Axe
11:25 Gold Mining
18:14 Castle Age
16:08 Fletching
17:58 Horse Collar
18:41 Forging
21:38 Bow Saw
21:55 Medium Warships
22:21 Scale Barding Armor
22:52 Bodkin Arrow
念
12:26 Feudal Age
13:48 Double-Bit Axe
16:33 Castle Age
14:26 Gold Mining
16:03 Fishing Lines
17:56 Bow Saw
17:41 Horse Collar
18:26 Gillnets
20:35 Wheelbarrow
22:14 Stone Mining
22:59 Hand Cart
Connection lost

Rejoining the realm…

Still unreachable

The connection could not be restored.

Session expired

The server has moved on; the page needs a fresh start.